 Dungeon Crawl Stone Soup version 0.31-a0-460-g9e667d4245 (webtiles) character file.

Game seed: 17291093863303971576

4032 night the Grappler (level 10, 0/40 HPs)
             Began as a Vine Stalker Shapeshifter on Aug 3, 2023.
             Was a Priest of Hepliaklqana.
             Shot with a bolt by an orc warrior (7 damage)
             ... on level 9 of the Dungeon on Aug 4, 2023.
             The game lasted 00:14:23 (6844 turns).

night the Grappler (Vine Stalker Shapeshifter)      Turns: 6844, Time: 00:14:24

Health: 0/40       AC:  9    Str: 27    XL:     10   Next: 24%
Magic:  0/15       EV: 15    Int:  8    God:    Hepliaklqana [***...]
Gold:   1240       SH:  0    Dex: 15    Spells: 9/9 levels left

rFire   . .          .
                       - Unarmed
rCold   . . .        (shield currently unavailable)
rNeg    . . .        w - melded +0 scale mail
rPois   .            (helmet currently unavailable)
rElec   .            b - melded +0 cloak
rCorr   .            (gloves currently unavailable)
SInv    .            (boots currently unavailable)
Will    +....        j - amulet of regeneration
Stlth   +            C - +5 ring of evasion
HPRegen 1.86/turn    (no ring)
MPRegen 0.14/turn

%: guardian spirit
@: snake-form, slowed, very slow
A: constrict, reduced hp, reduced essence, large, (fangs 3), regeneration 1,
magic shield, (antimagic bite), no potion heal 2
a: Begin Untransformation, Renounce Religion, Recall Ancestor, Ancestor
Identity, Transference


You were on level 9 of the Dungeon.
You worshipped Hepliaklqana.
Hepliaklqana was most pleased with you.
You were an enormous anaconda.
You visited 1 branch of the dungeon, and saw 9 of its levels.

You collected 1240 gold pieces.

Inventory:

Missiles
 k - 43 stones
 y - 6 poisoned darts
 z - 6 boomerangs
Armour
 a - a +0 animal skin
 b - a +0 cloak (melded)
 w - a +0 scale mail (melded)
Jewellery
 j - an amulet of regeneration (around neck)
 r - a ring of ice
 u - a ring of protection from fire
 v - a ring of protection from fire
 C - a +5 ring of evasion (left hand)
 E - a ring of poison resistance
 F - a ring of fire
 G - a ring of positive energy
 M - a ring of resist corrosion
 N - a +6 ring of strength
Talismans
 c - a beast talisman
 D - a serpent talisman (active)
 I - a maw talisman
Wands
 A - a wand of flame (28)
Scrolls
 e - 3 scrolls of teleportation
 f - 3 scrolls of revelation
 g - 2 scrolls of silence
 i - 2 scrolls of noise
 n - a scroll of brand weapon
 o - 6 scrolls of vulnerability
 s - a scroll of poison
 t - a scroll of enchant weapon
 x - a scroll of immolation
 B - a scroll of amnesia
 J - a scroll of identify
 O - a scroll of blinking {unknown}
Potions
 d - 3 potions of curing
 h - a potion of cancellation {unknown}
 l - a potion of invisibility {unknown}
 m - 2 potions of might
 p - 2 potions of degeneration {unknown}
 q - 3 potions of heal wounds {unknown}
 H - a potion of mutation {unknown}
 K - a potion of resistance {unknown}
 L - a potion of brilliance {unknown}


   Skills:
 + Level 5.8 Fighting
 - Level 1.5 Dodging
 * Level 9.7 Unarmed Combat
 + Level 6.4 Invocations
 + Level 6.2 Shapeshifting


You had 9 spell levels left.
You didn't know any spells.
Your spell library contained the following spells:

 Spells                   Type           Power      Damage    Failure   Level
 Kiss of Death            Conj/Necr      0%         2d5       41%         1
 Magic Dart               Conj           0%         1d3       41%         1
 Searing Ray              Conj           0%         2d4       54%         2
 Confusing Touch          Hex            0%         N/A       78%         3
 Portal Projectile        Hex/Tloc       0%         N/A       78%         3
 Tukima's Dance           Hex            0%         N/A       78%         3
 Vhi's Electric Charge    Tloc/Air       0%         N/A       78%         3
 Dispel Undead            Necr           0%         3d6       99%         4
 Fulminant Prism          Conj/Hex       0%         3d5       99%         4
 Iskenderun's Mystic Bla  Conj/Tloc      0%         2d3       99%         4
 Arcjolt                  Conj/Air       0%         1d10      100%        5
 Plasma Beam              Fire/Air       0%         2x1d10    100%        6


Dungeon Overview and Level Annotations

Branches:
Dungeon (9/15)             Temple (0/1) D:6
   Lair: D:8-11         Orc: D:9-12

Altars:
Cheibriados
Elyvilon
Fedhas
Hepliaklqana
Kikubaaqudgha
Sif Muna
Trog
Zin
The Shining One

Portals:
Abyss: D:4

Annotations:
D:4 2 transporters, t4s4d4r's ghost, novice OpSh


Innate Abilities, Weirdness & Mutations

You are an enormous anaconda.
You have a powerful constriction melee attack.
Your maximum health is decreased, since you lack skill for your form.
Your armour is entirely melded.
You are incapable of wielding weapons or throwing items.
Your life essence is reduced to manifest your ancestor. (-10% HP)
((You have razor-sharp teeth.))
Your natural rate of healing is unusually fast.
When hurt, damage is shared between your health and your magic reserves.
((Your bite disrupts and absorbs the magic of your enemies.))
Potions cannot restore your health.


Message History

The centaur closely misses you.
The centaur kicks you but does no damage.
You body-slam the centaur!!
You kill the centaur!
You hear a splash.
The centaur shoots an arrow.
The arrow barely misses you.
Found a stone staircase leading up.
The centaur shoots an arrow.
The arrow hits you!
The orc warrior shoots a bolt.
The bolt closely misses you.
The centaur shoots an arrow.
The arrow hits Osbert!
You swap places.
The orc warrior shoots a bolt.
The bolt hits you. The bolt freezes you.
The centaur shoots an arrow.
The arrow misses you.
A centaur comes into view.
Found Great Wizards, Vol.
VII.
The centaur shouts!
The centaur unwields a +0 shortbow.
The centaur hits you but does no damage.
The centaur barely misses you.
The orc warrior shoots a bolt.
The bolt completely misses you.
You closely miss the centaur. You grab the centaur. You constrict the centaur.
The centaur barely misses you.
The centaur kicks you but does no damage.
The orc warrior shoots a bolt.
The bolt hits Osbert!
The bolt freezes Osbert.
Osbert hits the centaur with a +0 quarterstaff!
The centaur barely misses you.
The centaur kicks you but does no damage.
You hit the centaur.
You kill the centaur!
The orc warrior shoots a bolt.
The bolt closely misses Osbert.
The bolt hits you!
* * * LOW HITPOINT WARNING * * *
You feel yourself slow down. The bolt freezes you!
* * * LOW HITPOINT WARNING * * *
Osbert misses the orc warrior.
You enter the shallow water.
The orc warrior shoots a bolt.
The bolt hits Osbert!
The bolt freezes Osbert.
Osbert is destroyed!
The orc hits you with a +0 short sword.
* * * LOW HITPOINT WARNING * * *
The orc warrior shoots a bolt.
The bolt hits you!
You die...

#. #.# ## ###.#. #..## #.
...... #...###. .....
#....#$## ###....
#.......####...#
#..............#
#.....#.##~))..#
#.....###~≈≈≈So#
#.#.#.##_~~!≈~.c...<..
#......##~≈≈≈~.o......
.#####..#.#.##~~~..#..?...
........###.....##.####...
.#####..# ####..:... ..
#.....# #.##.... . #.##.##
#(#####. #.##.#


You could see an orc warrior, a centaur and an orc.

Vanquished Creatures
  Psyche (D:8)
  A wyvern (D:4)
  An orc warrior (D:8)
  2 sky beasts (D:7)
  2 water moccasins
  A black bear (D:5)
  2 ice beasts
  2 ogres
  4 centaurs
  A phantom (D:7)
  A bullfrog (D:7)
  A scorpion (D:6)
  5 killer bees (D:9)
  A howler monkey (D:6)
  2 electric eels (D:8)
  4 orc priests
  A sleepcap (D:7)
  A gnoll bouda (D:4)
  3 iguanas
  2 jellies (D:5)
  2 orc wizards (D:6)
  Terence (D:3)
  5 gnolls
  5 adders
  A shadow imp (D:5)
  4 dart slugs
  27 orcs
  3 bats
  3 endoplasms
  9 goblins
  9 hobgoblins
  5 jackals
  6 ball pythons
  4 frilled lizards
  2 kobolds (D:2)
  6 rats
130 creatures vanquished.

Vanquished Creatures (collateral kills)
  A hornet (D:8)
  An orc warrior (D:6)
  A sky beast (D:8)
  An ogre (D:5)
  2 black bears
  A bullfrog (D:7)
  A scorpion (D:5)
  2 killer bees
  2 electric eels (D:8)
  An orc priest (D:6)
  A hound (D:4)
  A jelly (D:5)
  A gnoll bouda (D:6)
  A sleepcap (D:6)
  4 orc wizards
  4 gnolls
  A shadow imp (D:6)
  An ufetubus (D:6)
  15 orcs
  A giant cockroach (D:4)
43 creatures vanquished.

Vanquished Creatures (others)
  A battlemage (D:9)
  3 ancestors
4 creatures vanquished.

Grand Total: 177 creatures vanquished

Notes
Turn   | Place    | Note
-------+----------+-------------------------------------------
     0 | D:1      | night the Vine Stalker Shapeshifter began the quest for the
                  | Orb.
     0 | D:1      | Reached XP level 1. HP: 9/9 MP: 2/2
    38 | D:1      | Reached skill level 1 in Fighting
    88 | D:1      | Reached XP level 2. HP: 14/14 MP: 3/3
   737 | D:2      | Reached XP level 3. HP: 18/18 MP: 4/4
   746 | D:2      | Reached skill level 1 in Invocations
  1387 | D:3      | Found an ancient bone altar of Kikubaaqudgha.
  1452 | D:3      | Found a hazy altar of Hepliaklqana.
  1463 | D:3      | Became a worshipper of Hepliaklqana the Forgotten
  1773 | D:3      | Noticed Terence
  1792 | D:3      | Killed Terence
  1793 | D:3      | Gained mutation: Your natural rate of healing is unusually
                  | fast. [Vine Stalker growth]
  1793 | D:3      | Reached XP level 4. HP: 22/22 MP: 4/6
  2107 | D:4      | Noticed a small abomination
  2133 | D:4      | Noticed a small abomination
  2139 | D:4      | Noticed an ogre
  2140 | D:4      | Upgraded the game from 0.31-a0-455-g1a7b003ef0 to
                  | 0.31-a0-460-g9e667d4245
  2155 | D:4      | Noticed t4s4d4r's ghost (novice OpSh)
  2163 | D:4      | Killed an ogre
  2164 | D:4      | Reached skill level 2 in Fighting
  2164 | D:4      | Reached skill level 4 in Unarmed Combat
  2164 | D:4      | Reached skill level 2 in Invocations
  2164 | D:4      | Reached XP level 5. HP: 26/26 MP: 7/7
  2166 | D:4      | Found a one-way gate to the infinite horrors of the Abyss.
  2193 | D:4      | Reached * piety under Hepliaklqana
  2249 | D:4      | Noticed a wyvern
  2255 | D:4      | HP: 2/23 [wyvern (10)]
  2258 | D:4      | Killed a wyvern
  2259 | D:4      | Reached skill level 5 in Unarmed Combat
  2259 | D:4      | Reached XP level 6. HP: 13/28 MP: 1/8
  2544 | D:4      | Found a blossoming altar of Fedhas.
  2715 | D:4      | Found a transporter.
  2734 | D:4      | Found a transporter.
  3129 | D:5      | Entered Level 5 of the Dungeon
  3129 | D:5      | Noticed a water moccasin
  3138 | D:5      | Killed a water moccasin
  3139 | D:5      | Reached XP level 7. HP: 31/31 MP: 10/10
  3262 | D:5      | HP: 3/32 [ogre/+0 giant club (16)]
  3264 | D:5      | Reached skill level 6 in Unarmed Combat
  3436 | D:5      | Gained mutation: You have razor-sharp teeth. [Vine Stalker
                  | growth]
  3436 | D:5      | Reached XP level 8. HP: 28/36 MP: 8/11
  3436 | D:5      | Reached ** piety under Hepliaklqana
  3438 | D:5      | Remembered your ancestor Osbert as a battlemage
  3956 | D:5      | Found a bloodstained altar of Trog.
  4033 | D:5      | Identified a scroll of acquirement
  4040 | D:5      | Acquired 917 gold pieces
  4116 | D:6      | Reached skill level 7 in Unarmed Combat
  4221 | D:6      | Found a staircase to the Ecumenical Temple.
  4250 | D:6      | Reached skill level 5 in Shapeshifting
  4264 | D:6      | Reached XP level 9. HP: 41/41 MP: 13/13
  4723 | D:6      | Reached skill level 5 in Invocations
  5104 | D:6      | Reached skill level 8 in Unarmed Combat
  5449 | D:7      | Found a glowing silver altar of Zin.
  5453 | D:7      | Found a glowing golden altar of the Shining One.
  5453 | D:7      | Found a white marble altar of Elyvilon.
  5454 | D:7      | Reached *** piety under Hepliaklqana
  5560 | D:7      | Reached skill level 5 in Fighting
  5915 | D:8      | Found a shimmering blue altar of Sif Muna.
  6210 | D:8      | Noticed a hornet
  6217 | D:8      | Killed a hornet
  6315 | D:8      | Reached skill level 9 in Unarmed Combat
  6476 | D:8      | Noticed Psyche
  6484 | D:8      | Killed Psyche
  6485 | D:8      | Reached XP level 10. HP: 39/47 MP: 12/15
  6832 | D:9      | Found a snail-covered altar of Cheibriados.
  6843 | D:9      | HP: 5/40 [orc warrior/bolt (6)]
  6844 | D:9      | Shot with a bolt by an orc warrior

Illustrated notes

Levels and vault maps discovered:
D:1:      mrwooster_arrival_statue_2, layout_loops_ring
D:2:      minmay_door_path, layout_rooms, serial_forest,
          infiniplex_forest_clump_double, infiniplex_forest_straight_4,
          infiniplex_forest_clump_long, infiniplex_forest_clump_medium,
          infiniplex_forest_clump_long
D:3:      layout_basic, nicolae_overflow_crystal_walls, lemuel_doored_altar,
          uniq_terence
D:4:      layout_cave_pods, fedhas_altar_4, gammafunk_ghost_abyssal_escape,
          serial_column_ruins, column_ruins_pillar_7, column_ruins_pillar_1,
          column_ruins_pillar_2, column_ruins_pillar_1, column_ruins_pillar_3,
          column_ruins_pillar_3, column_ruins_pillar_1, column_ruins_pillar_6,
          column_ruins_pillar_1, column_ruins_pillar_11, column_ruins_pillar_3,
          column_ruins_pillar_2, column_ruins_pillar_1, column_ruins_pillar_9,
          column_ruins_pillar_4, column_ruins_pillar_5
D:5:      layout_cave_pods, mainiacjoe_overflow_paths
D:6:      layout_basic, minmay_temple_entry_ruins, columned_hall_lemuel
D:7:      layout_basic, dreamdust_divine_triumvirate, serial_rivers,
          chequers_serial_rivers_micro_c, chequers_serial_rivers_large_a,
          chequers_serial_rivers_room_a, chequers_serial_rivers_micro_b,
          kennysheep_generic_room_12
D:8:      layout_basic, nicolae_sif_muna_condensation, serial_bayou,
          serial_bayou_pond_e, serial_bayou_pond_e, serial_bayou_lake_a,
          serial_bayou_pond_b, minivault_1, uniq_psyche
D:9:      layout_loops_ring, kennysheep_slug_shrine, nicolae_diode_intersection

Skill      XL: |  1  2  3  4  5  6  7  8  9 |
---------------+----------------------------+-----
Fighting       | 1 2 3 4 5 |  5.8
Invocations    | 1 2 3 4 6 |  6.4
Unarmed Combat | 4 5 6 7 9 |  9.7
Shapeshifting  | 4 5 6 |  6.2
Dodging        | |  1.5

Action                     |  1- 3 |  4- 6 |  7- 9 | 10-12 || total
---------------------------+-------+-------+-------+-------++-------
  Melee: Unarmed           |    73 |    66 |   157 |    27 ||   323
         Bite              |    12 |    29 |    27 |       ||    68
         Punch             |     1 |     3 |     5 |       ||     9
         Constrict         |       |       |    16 |     5 ||    21
 Invoke: Ancestor Life: Ba |       |       |     1 |       ||     1
Ability: Begin Untransform |       |     1 |     1 |       ||     2
    Use: Potion            |       |     3 |       |       ||     3
         Scroll            |       |       |    12 |       ||    12
   Stab: Sleeping          |     3 |       |     1 |       ||     4
         Distracted        |       |       |     3 |       ||     3
 Armour: Animal skin       |     3 |       |       |       ||     3
         Scale mail        |       |    17 |    24 |       ||    41
         Skin              |       |     1 |    26 |     7 ||    34
  Dodge: Dodged            |    38 |    37 |    87 |    34 ||   196
   Form: Beast             |       |     1 |     2 |       ||     3
         Anaconda          |       |       |     2 |       ||     2

Table legend: (Time is in decaauts)
 A = Elapsed time spent in this place.
 B = Non-inter-level travel time spent in this place.
 C = Inter-level travel time spent in this place.
 D = Time resting spent in this place.
 E = Time spent auto-exploring this place.
 F = Levels seen in this place.
 G = Mean time per level.
                   A        B        C        D        E       F      G
               +--------+--------+--------+--------+--------+-----+--------+
         Total |   6807 |   6598 |    209 |     64 |   5524 |   9 |  756.3 |
       Dungeon |   6807 |   6598 |    209 |     64 |   5524 |   9 |  756.3 |
               +--------+--------+--------+--------+--------+-----+--------+

Top non-repeatable levels by time:
     D:6: 1087 daAuts
     D:4: 1028 daAuts
     D:5: 940 daAuts
     D:8: 847 daAuts
     D:3: 722 daAuts
     D:7: 710 daAuts
     D:1: 689 daAuts
     D:2: 677 daAuts
     D:9: 102 daAuts
